 Dungeon Crawl Stone Soup version 0.26.0-18-gc5c842f807 (webtiles) character file.

Game seed: 8916649832645658829

44 thiole the Sneak (level 3, 0/21 HPs)
             Began as an Octopode Hedge Wizard on Jan 23, 2021.
             Slain by a bullfrog zombie (3 damage)
             ... on level 2 of the Dungeon.
             The game lasted 00:01:45 (1877 turns).

thiole the Sneak (Octopode Hedge Wizard)            Turns: 1877, Time: 00:01:46

Health: 0/21       AC:  1    Str:  9    XL:     3   Next: 60%
Magic:  3/7        EV: 13    Int: 17    God:
Gold:   81         SH:  0    Dex: 11    Spells: 0/8 levels left

rFire    . . .     SeeInvis .   a - +0 dagger
rCold    . . .     Faith    .   (no shield)
rNeg     . . .     Spirit   .   b - +0 hat
rPois    .         Reflect  .   (no amulet)
rElec    .         Harm     .   (no ring)
rCorr    .         Rampage  .   (no ring)
Will     .....                  (no ring)
Stlth    +++.......             (no ring)
HPRegen  0.07/turn              (no ring)
MPRegen  0.10/turn              (no ring)
                                (no ring)
                                (no ring)

@: no status effects
A: almost no armour, stealthy swim, amphibious, 8 rings, constrict 8, camouflage
1, gelatinous body 1
a: no special abilities


You were on level 2 of the Dungeon.
You visited 1 branch of the dungeon, and saw 2 of its levels.

You collected 81 gold pieces.

Inventory:

Hand Weapons
 a - a +0 dagger (weapon)
Armour
 b - a +0 hat (worn)
Scrolls
 c - a scroll of amnesia {unknown}
 e - a scroll of remove curse {unknown}
 f - a scroll of noise {unknown}
Potions
 d - a potion of flight {unknown}


   Skills:
 - Level 2.0 Dodging
 + Level 3.3 Stealth
 + Level 3.3 Spellcasting
 - Level 2.0 Conjurations
 - Level 2.0 Summonings
 - Level 1.0 Translocations


You couldn't memorise any spells.
You knew the following spells:

 Your Spells              Type           Power        Failure   Level
a - Magic Dart            Conj           36%          8%          1
b - Call Imp              Summ           9%           12%         2
c - Blink                 Tloc           N/A          17%         2
d - Mephitic Cloud        Conj/Pois/Air  5%           36%         3

Your spell library contained the following spells:

 Spells                   Type           Power        Failure   Level
 Slow                     Hex            2%           26%         2
 Conjure Flame            Conj/Fire      6%           34%         3


Dungeon Overview and Level Annotations

Branches:
Dungeon (2/15)

Altars:


Innate Abilities, Weirdness & Mutations

You cannot wear most types of armour.
You are very stealthy in the water. (Stealth+)
You are amphibious.
You can wear up to eight rings at the same time.
You can use your tentacles to constrict eight enemies at once.
Your skin changes colour to match your surroundings (Stealth+).
Your rubbery body absorbs attacks. (AC +1, EV +1)


Message History

The bullfrog zombie is moderately damaged.
The bullfrog zombie hits you.
You closely miss the bullfrog zombie. Your grab misses the bullfrog zombie.
The bullfrog zombie is moderately damaged.
The bullfrog zombie closely misses you. The bullfrog zombie barely misses you.
You completely miss the bullfrog zombie.
You grab the bullfrog zombie.
The bullfrog zombie is moderately damaged.
You constrict the bullfrog zombie. The bullfrog zombie barely misses you.
You hit the bullfrog zombie but do no damage.
The bullfrog zombie is moderately damaged.
You constrict the bullfrog zombie. The bullfrog zombie hits you.
You hit the bullfrog zombie. You squeeze the bullfrog zombie.
The bullfrog zombie is heavily damaged.
You constrict the bullfrog zombie. The bullfrog zombie hits you.
* * * LOW HITPOINT WARNING * * *
The bullfrog zombie closely misses you.
You release your grip on the bullfrog zombie.
The bullfrog zombie hits you.
You die...

#.##.# #
##..#.# ##.
.........
#.#.#.#
#.)=..#
#...# #
#...#.# #
#..Z#.##.#.
#..@.......
####.#.##.#.
#...<>.#
#.####.# #
... ##.# ..
.


You could see a bullfrog zombie.

Vanquished Creatures
  A dart slug (D:1)
  A leopard gecko (D:1)
  5 bats (D:1)
  3 giant cockroaches (D:1)
  5 hobgoblins (D:1)
  7 jackals (D:1)
  3 frilled lizards (D:1)
  A goblin (D:1)
  5 kobolds (D:1)
  5 rats (D:1)
36 creatures vanquished.

Notes
Turn   | Place    | Note
-------+----------+-------------------------------------------
     0 | D:1      | thiole the Octopode Hedge Wizard began the quest for the
                  | Orb.
     0 | D:1      | Reached XP level 1. HP: 11/11 MP: 4/4
    69 | D:1      | Reached XP level 2. HP: 1/17 MP: 1/6
   699 | D:1      | Reached XP level 3. HP: 11/21 MP: 0/7
  1144 | D:1      | Learned a level 2 spell: Call Imp
  1147 | D:1      | Learned a level 2 spell: Blink
  1151 | D:1      | Learned a level 3 spell: Mephitic Cloud
  1877 | D:2      | Slain by a bullfrog zombie

Illustrated notes

Levels and vault maps discovered:
D:1:      dpeg_arrival_leaves_temple_mockup, layout_basic,
          minmay_strange_pillars, minmay_worlds_worst_comb
D:2:      layout_basic, amcnicky_mini_rare_corridor_liquid, minmay_puff

Skill      XL: |  1  2  3 |
---------------+----------+-----
Stealth        | 3 |  3.3
Summonings     | 2 |  2.0
Conjurations   | 2 |  2.0
Dodging        | |  2.0
Spellcasting   | |  3.3
Translocations | |  1.0

Action                   || total
-------------------------++-------
Melee: Dagger            ||    42
       Constrict         ||    12
       Tentacles         ||     9
 Cast: Magic Dart        ||    80
Armor: Skin              ||     6
Dodge: Dodged            ||    34
